 Dungeon Crawl Stone Soup version 0.30-a0-883-g5ad918d77d (webtiles) character file.

Game seed: 7893653076216333815

1236 EiAlmux the Thaumaturge (level 8, -1/41 HPs)
             Began as a Deep Elf Conjurer on Mar 15, 2023.
             Hit by a stone thrown by Duvessa (8 damage)
             ... on level 4 of the Dungeon.
             The game lasted 00:15:07 (6295 turns).

EiAlmux the Thaumaturge (Deep Elf Conjurer)         Turns: 6295, Time: 00:15:07

Health: -1/41      AC:  3    Str:  4    XL:     8   Next: 24%
Magic:  18/22      EV: 22    Int: 26    God:
Gold:   316        SH:  0    Dex: 13    Spells: 10/23 levels left

rFire   . . .      SeeInvis .    k - +0 dagger (speed)
rCold   . . .      Faith    .    a - orb {mayhem}
rNeg    . . .      Spirit   .    r - +0 robe {Will+}
rPois   .          Reflect  .    H - +0 helmet
rElec   .          Rampage  .    (no cloak)
rCorr   .                        (no gloves)
Will    +....                    (no boots)
Stlth   +++                      t - amulet of magic regeneration
HPRegen 0.26/turn                e - +5 ring of evasion
MPRegen 0.58/turn                z - +5 ring of evasion

@: about to teleport
A: no striking features
a: no special abilities


You were on level 4 of the Dungeon.
You visited 2 branches of the dungeon, and saw 7 of its levels.

You collected 316 gold pieces.

Inventory:

Hand Weapons
 k - a +0 dagger of speed (weapon)
Armour
 a - an orb of mayhem (worn)
 l - a +0 kite shield
 r - a +0 robe of willpower (worn)
 H - a +0 helmet (worn)
Magical Staves
 q - a staff of cold
 E - a staff of poison
Jewellery
 e - a +5 ring of evasion (left hand)
 m - an amulet of regeneration
 n - a ring of ice
 t - an amulet of magic regeneration (around neck)
 z - a +5 ring of evasion (right hand)
 C - a +6 ring of strength
Wands
 D - a wand of charming (4)
Scrolls
 c - a scroll of enchant weapon {unknown}
 d - a scroll of poison
 f - a scroll of immolation
 g - a scroll of magic mapping {unknown}
 i - a scroll of vulnerability {unknown}
 j - a scroll of noise
 o - a scroll of amnesia
 p - a scroll of teleportation
 s - a scroll of fog {unknown}
 v - 2 scrolls of enchant armour {unknown}
 w - a scroll of brand weapon {unknown}
 y - 2 scrolls of fear {unknown}
 G - a scroll of butterflies {unknown}
Potions
 b - 2 potions of magic
 h - 2 potions of resistance
 u - a potion of heal wounds {unknown}
 x - 2 potions of curing {unknown}
 A - 2 potions of degeneration
 B - a potion of mutation {unknown}
 F - 2 potions of brilliance {unknown}


   Skills:
 - Level 2.4 Dodging
 - Level 5.0 Stealth
 + Level 8.2 Spellcasting
 + Level 7.7 Conjurations
 - Level 4.0 Hexes
 - Level 3.0 Translocations


You had 10 spell levels left.
You knew the following spells:

 Your Spells              Type           Power      Damage    Failure   Level
a - Blink                 Tloc           52%        N/A       2%          2
b - Searing Ray           Conj           100%       2d8       1%          2
c - Fulminant Prism       Conj/Hex       20%        3d12      4%          4
d - Magic Dart            Conj           100%       1d8       1%          1
e - Iskenderun's Mystic   Conj/Tloc      38%        2d9       6%          4

Your spell library contained the following spells:

 Spells                   Type           Power      Damage    Failure   Level
 Dazzling Flash           Conj/Hex       82%        N/A       1%          3
 Lesser Beckoning         Tloc           52%        N/A       2%          2
 Gell's Gravitas          Tloc           26%        N/A       4%          3
 Teleport Other           Tloc           26%        N/A       4%          3
 Mephitic Cloud           Conj/Pois/Air  24%        N/A       6%          3
 Cigotuvi's Dreadful Rot  Necr/Pois/Air  20%        N/A       9%          2
 Poisonous Vapours        Pois/Air       20%        N/A       9%          2
 Manifold Assault         Tloc           26%        N/A       16%         4
 Storm Form               Tmut/Air       5%         N/A       100%        7


Dungeon Overview and Level Annotations

Branches:
Dungeon (6/15)             Temple (1/1) D:6

Altars:
Cheibriados
Dithmenos
Fedhas
Hepliaklqana
Makhleb
Okawaru
Qazlal
Trog
Uskayaw
Wu Jian
Xom
Yredelemnul
Zin

Annotations:
D:4 Dowan, Duvessa


Message History

Aim: a troll (wandering, hasn't noticed you, 83% to hit)
The searing ray hits the troll!
The troll is moderately wounded.
The troll shouts! (Press . to maintain the ray.)
The searing ray hits the troll!
The troll is moderately wounded.
The troll completely misses you. The troll claws you. x2
You climb upwards.
There is a stone staircase leading down here.
The troll attacks as you move away! The troll bites you! The troll claws you.
The troll barely misses you. The troll attacks as you move away!
The troll closely misses you. The troll claws you.
The troll completely misses you. The troll attacks as you move away!
The troll completely misses you. The troll claws you!
The troll completely misses you. The troll attacks as you move away!
The troll bites you!
* * * LOW HITPOINT WARNING * * *
The troll misses you. The troll completely misses you.
There is a stone staircase leading up here.
Casting: Searing Ray (safe; 1% risk of failure)
Confirm with . or Enter, or press ? or * to list all spells.
The spell is quite dangerous to miscast (6% risk of failure)!
Continue anyway?
You erupt in a blast of force!
The mystic blast hits the troll.
The troll is lightly wounded.
The troll is knocked back by the mystic blast.
Casting: Iskenderun's Mystic Blast (quite dangerous; 6% risk of failure)
Confirm with . or Enter, or press ? or * to list all spells.
The spell is quite dangerous to miscast (6% risk of failure)!
Continue anyway?
You erupt in a blast of force!
The mystic blast hits the troll!
The troll is moderately wounded.
The troll is knocked back by the mystic blast.
You climb upwards.
Level annotation: Dowan, Duvessa
There is a stone staircase leading down here.
Okay, then.
As you read the scroll of teleportation, it crumbles to dust.
You feel strangely unstable.
Duvessa throws a stone.
The stone misses you.
Duvessa throws a stone.
The stone hits you!
You die...

.><# #.# #### #.# #### #.#
...# #.# ......K ##.####.#
....... #..##..# .......
##.##.## ###### .....h.
#....#####....### ##.....#
#####..##....##.@>#####.....#
..# #...............e....#
#.# ###.##########.....<##
..# ##########...####.# ###
#........### #..######## #
########## #.e.[.....# #
####.e.......# # #
#............#
#.####.###......).#


You could see Duvessa.

Vanquished Creatures
  An ice beast (D:5)
  2 ogres
  3 elf zombies (D:4)
  A bullfrog (D:6)
  3 elf skeletons (D:4)
  A howler monkey (D:5)
  4 hounds
  2 human zombies (D:4)
  A jelly (D:6)
  Terence (D:3)
  A sleepcap (D:4)
  7 gnolls
  4 adders
  2 white imps
  2 ufetubi (D:5)
  A worm (D:2)
  6 dart slugs
  5 orcs
  12 endoplasms
  5 giant cockroaches
  8 goblins
  11 hobgoblins
  2 jackals (D:3)
  5 quokkas
  10 ball pythons
  6 bats
  6 frilled lizards
  8 kobolds
  2 orc skeletons (D:4)
  An orc zombie (D:4)
  6 rats
129 creatures vanquished.

Vanquished Creatures (others)
  30 plants (D:1)
30 creatures vanquished.

Grand Total: 159 creatures vanquished

Notes
Turn   | Place    | Note
-------+----------+-------------------------------------------
     0 | D:1      | EiAlmux the Deep Elf Conjurer began the quest for the Orb.
     0 | D:1      | Reached XP level 1. HP: 10/10 MP: 6/6
   137 | D:1      | Reached skill level 1 in Hexes
   175 | D:1      | Reached XP level 2. HP: 11/15 MP: 1/8
   368 | D:1      | Found a faded altar of an unknown god.
   615 | D:1      | Reached XP level 3. HP: 15/19 MP: 2/10
   720 | D:1      | Learned a level 2 spell: Searing Ray
  2279 | D:2      | Reached XP level 4. HP: 24/24 MP: 7/11
  2283 | D:2      | Reached skill level 4 in Spellcasting
  2785 | D:3      | Reached skill level 5 in Conjurations
  3059 | D:3      | Noticed Terence
  3068 | D:3      | Killed Terence
  3124 | D:3      | Reached XP level 5. HP: 28/28 MP: 8/13
  3939 | D:4      | Noticed Duvessa
  3939 | D:4      | Noticed Dowan
  4089 | D:4      | Found a sand-covered staircase.
  4139 | D:4      | Reached XP level 6. HP: 18/32 MP: 3/15
  4212 | D:4      | Reached skill level 5 in Spellcasting
  4244 | D:4      | Learned a level 4 spell: Fulminant Prism
  4325 | D:4      | Reached skill level 5 in Stealth
  4410 | D:4      | Reached skill level 1 in Translocations
  4490 | D:4      | Reached XP level 7. HP: 35/36 MP: 0/17
  4710 | D:4      | Reached skill level 6 in Spellcasting
  5013 | D:5      | Entered Level 5 of the Dungeon
  5251 | D:5      | Learned a level 2 spell: Blink
  5260 | D:5      | Reached skill level 7 in Spellcasting
  5359 | D:5      | Learned a level 4 spell: Iskenderun's Mystic Blast
  5575 | D:5      | Found a shimmering altar of Xom.
  5608 | D:6      | Reached XP level 8. HP: 41/41 MP: 17/21
  5750 | D:6      | Noticed a troll
  6031 | D:6      | Reached skill level 8 in Spellcasting
  6082 | D:6      | Found a staircase to the Ecumenical Temple.
  6088 | Temple   | Entered the Ecumenical Temple
  6295 | D:4      | Hit by a stone thrown by Duvessa

Illustrated notes

Levels and vault maps discovered:
D:1:      roderic_crop_circles_arrival_small, layout_loops_cross,
          hellmonk_ecumenical_altar_crossroads, serial_forest,
          infiniplex_forest_straight_5, infiniplex_forest_fountain,
          infiniplex_forest_clump_diagonal, infiniplex_forest_side_room,
          infiniplex_forest_clump_tiny, infiniplex_forest_lined_2,
          infiniplex_forest_corner_2, infiniplex_forest_clump_cross,
          minmay_misc_feat_five
D:2:      layout_loops_ring, serial_co_window_serial, co_window_paths_a,
          co_window_paths_a, co_window_corner_a, co_window_of_opportunity_a,
          co_window_paths_a, co_window_broadway_c, co_window_broadway_b,
          co_window_of_opportunity_b, glass_columns_c, glass_columns_b,
          minmay_joined_circles
D:3:      layout_loops_cross, kennysheep_potato, uniq_terence
D:4:      layout_rooms, nicolae_tso_swordbearing_angel,
          nicolae_ossuary_entry_catacombs, uniq_duvessa
D:5:      layout_rooms, kennysheep_mini_moat
D:6:      nicolae_BIG_FREAKIN_CUBE, layout_loops_ring,
          minmay_temple_entry_fiery, minmay_manual_mess
Temple:   hellmonk_temple_two_chambers

Skill      XL: |  1  2  3  4  5  6  7  8 |
---------------+-------------------------+-----
Hexes          | 1 2 3 4 |  4.0
Stealth        | 3 4 5 |  5.0
Spellcasting   | 4 5 7 8 |  8.2
Conjurations   | 5 6 7 |  7.7
Translocations | 1 3 |  3.0
Dodging        | |  2.4

Action                     |  1- 3 |  4- 6 |  7- 9 || total
---------------------------+-------+-------+-------++-------
  Melee: Unarmed           |     7 |       |       ||     7
         Dagger            |       |    52 |       ||    52
   Cast: Magic Dart        |    99 |    83 |    32 ||   214
         Searing Ray       |     1 |    14 |    28 ||    43
         Iskenderun's Myst |       |       |     2 ||     2
    Use: Scroll            |       |     6 |     3 ||     9
         Potion            |       |       |     1 ||     1
 Armour: Robe              |     2 |     9 |     3 ||    14
  Dodge: Dodged            |    13 |    42 |    56 ||   111

Table legend: (Time is in decaauts)
 A = Elapsed time spent in this place.
 B = Non-inter-level travel time spent in this place.
 C = Inter-level travel time spent in this place.
 D = Time resting spent in this place.
 E = Time spent auto-exploring this place.
 F = Levels seen in this place.
 G = Mean time per level.
                   A        B        C        D        E       F      G
               +--------+--------+--------+--------+--------+-----+--------+
         Total |   6259 |   5700 |    559 |    350 |   4409 |   7 |  894.1 |
       Dungeon |   6241 |   5686 |    555 |    350 |   4399 |   6 | 1040.2 |
        Temple |     17 |     13 |      4 |      0 |     10 |   1 |   17.0 |
               +--------+--------+--------+--------+--------+-----+--------+

Top non-repeatable levels by time:
     D:2: 1527 daAuts
     D:1: 1270 daAuts
     D:4: 1151 daAuts
     D:3: 1050 daAuts
     D:5: 725 daAuts
     D:6: 516 daAuts
  Temple: 17 daAuts
